 Dungeon Crawl Stone Soup version 0.24-a0-537-g2d01d4ab0a (webtiles) character file.

Game seed: 15179778170060058509

49 Aggronaut the Chopper (level 3, 0/34 HPs)
             Began as a Deep Dwarf Monk on Aug 14, 2019.
             Slain by a scorpion (3 damage)
             ... on level 2 of the Dungeon.
             The game lasted 00:04:05 (1408 turns).

Aggronaut the Chopper (Deep Dwarf Monk)             Turns: 1408, Time: 00:04:06

Health: 0/34       AC: 10    Str: 15    XL:     3   Next: 53%
Magic:  3/3        EV:  7    Int: 10    God:
Gold:   24         SH:  0    Dex: 15    Spells: 2/2 levels left

rFire    . . .     SeeInvis .   a - +0 hand axe
rCold    . . .     Gourm    .   (no shield)
rNeg     . . .     Faith    .   h - +0 chain mail
rPois    .         Spirit   .   f - +0 helmet
rElec    .         Reflect  .   d - +0 cloak (curse)
rCorr    .         Harm     .   (no gloves)
MR       .....                  (no boots)
Stlth    ..........             (no amulet)
HPRegen  0.00/turn              (no ring)
MPRegen  0.08/turn              (no ring)

@: lethally poisoned (0 -> 0), non-regenerating
A: damage resistance, heal wounds, sense surroundings 1, no regeneration
a: Heal Wounds


You were on level 2 of the Dungeon.
You were not hungry.

You visited 1 branch of the dungeon, and saw 2 of its levels.

You collected 24 gold pieces.

Inventory:

Hand Weapons
 a - a +0 hand axe (weapon)
Armour
 d - a cursed +0 cloak (worn)
 f - a +0 helmet (worn)
 h - a +0 chain mail (worn)
Scrolls
 e - 3 scrolls of identify {unknown}
 g - a scroll of blinking {unknown}
 i - a scroll of fog {unknown}
 j - a scroll of fear {unknown}
 l - a scroll of amnesia {unknown}
Potions
 k - 2 potions of curing {unknown}
 m - a potion of haste {unknown}
Comestibles
 b - 5 chunks of flesh
 c - 5 rations


   Skills:
 + Level 3.2 Fighting
 * Level 4.5 Axes
 - Level 3.2 Dodging
 - Level 2.4 Stealth


You had 2 spell levels left.
You didn't know any spells.
Your spell library was empty.

Dungeon Overview and Level Annotations

Branches:
Dungeon (2/15)

Altars:
Nemelex Xobeh


Innate Abilities, Weirdness & Mutations

You are resistant to damage.
You can heal yourself by infusing magical energy.
You passively map a small area around you.
You do not regenerate.


Message History

The scorpion stings you.
* * * LOW HITPOINT WARNING * * *
The hobgoblin hits you but does no damage.
The scorpion barely misses you.
There is an open door here.
You fail to use your ability.
The scorpion stings you.
You closely miss the scorpion. The scorpion stings you.
You are poisoned.
The scorpion poisons you!
You hit the scorpion.
The scorpion is moderately wounded.
The scorpion stings you but does no damage.
Your chain mail prevents you from hitting the scorpion.
The scorpion is moderately wounded.
The scorpion stings you!
* * * LOW HITPOINT WARNING * * *
Your chain mail prevents you from hitting the scorpion.
The scorpion is moderately wounded.
The scorpion stings you.
You die...

* #.##.....##........ ,
.......... ##...##.......(.
......... ##.####......## *
##....... #..# #......#
......... * #.## #......# ,
,........#* ##.## #......#
......[.# #...# #......##
,........####...####........
#.......gs@'...+...[...####
#.......####...#######..^..
#.......# ##### *######
####+#### ,, *, *,* , , *, ,
, * , ,


You could see a scorpion and a hobgoblin.

Vanquished Creatures
  4 worms
  3 giant cockroaches (D:2)
  A goblin (D:1)
  6 hobgoblins
  3 jackals (D:1)
  A quokka (D:2)
  4 bats
  3 frilled lizards (D:1)
  7 kobolds
  3 rats (D:1)
35 creatures vanquished.

Notes
Turn   | Place    | Note
-------+----------+-------------------------------------------
     0 | D:1      | Aggronaut the Deep Dwarf Monk began the quest for the Orb.
     0 | D:1      | Reached XP level 1. HP: 20/20 MP: 1/1
   273 | D:1      | Reached XP level 2. HP: 22/27 MP: 2/2
   552 | D:1      | Reached skill level 4 in Axes
  1076 | D:2      | Found a sparkling altar of Nemelex Xobeh.
  1087 | D:2      | Reached XP level 3. HP: 15/34 MP: 3/3
  1395 | D:2      | Noticed a scorpion
  1408 | D:2      | Slain by a scorpion

Levels and vault maps discovered:
D:1:      dpeg_arrival_boxes_within_box, layout_basic
D:2:      layout_basic, lemuel_round_altar

Skill      XL: |  1  2 |
---------------+-------+-----
Fighting       | 3 |  3.2
Axes           | 4 |  4.5
Dodging        | |  3.2
Stealth        | |  2.4

Action                   || total
-------------------------++-------
Melee: Hand axe          ||   143
  Eat: Chunk             ||     2
Armor: Chain mail        ||    80
Dodge: Dodged            ||    60

Table legend:
 A = Non-vault XP
 B = Vault XP
 C = Vault XP percentage of total XP
 D = Non-vault monster count
 E = Vault monster count
 F = Vault count percentage of total count
                 A         B        C        D         E       F
            +---------+---------+-------+---------+---------+-------
      Total |      71 |       0 |   0.0 |      35 |       0 |   0.0
            +---------+---------+-------+---------+---------+-------
        D:1 |      29 |       0 |   0.0 |      17 |       0 |   0.0
        D:2 |      42 |       0 |   0.0 |      18 |       0 |   0.0
            +---------+---------+-------+---------+---------+-------
